 Dungeon Crawl Stone Soup version 0.29-a0-676-ga64570c9d2 (webtiles) character file.

Game seed: 16677698693784444850

4912 buhhh the Sharpshooter (level 10, -3/59 HPs)
             Began as a Kobold Hunter on June 25, 2022.
             Was a Follower of Hepliaklqana.
             Slain by a wolf (6 damage)
             ... led by Grum
             ... on level 8 of the Dungeon.
             The game lasted 00:23:53 (11978 turns).

buhhh the Sharpshooter (Kobold Hunter)             Turns: 11978, Time: 00:23:53

Health: -3/59      AC: 12    Str: 10    XL:     10   Next: 80%
Magic:  10/10      EV: 19    Int: 14    God:    Hepliaklqana [*.....]
Gold:   462        SH:  0    Dex: 18    Spells: 9/9 levels left

rFire   + . .      SeeInvis .   n - +3 arbalest
rCold   + . .      Faith    .   (shield currently unavailable)
rNeg    . . .      Spirit   .   o - +0 steam dragon scales
rPois   .          Reflect  .   (no helmet)
rElec   .          Harm     .   i - scarf {rC+ rF+}
rCorr   .          Rampage  .   (no gloves)
Will    .....                   f - +2 pair of boots
Stlth   ++++......              (no amulet)
HPRegen 0.19/turn               l - +4 ring of protection
MPRegen 0.12/turn               p - +4 ring of evasion

@: no status effects
A: reduced essence, small, no large weapons, nightstalker 3
a: Renounce Religion, Recall Ancestor, Ancestor Identity


You were on level 8 of the Dungeon.
You worshipped Hepliaklqana.
Hepliaklqana was aware of your devotion.
You visited 2 branches of the dungeon, and saw 12 of its levels.

You collected 462 gold pieces.

Inventory:

Hand Weapons
 a - a +2 hand crossbow
 n - a +3 arbalest (weapon)
Missiles
 k - 19 poisoned darts
Armour
 b - a +0 leather armour
 f - a +2 pair of boots (worn)
 i - a scarf of resistance (worn)
 o - +0 steam dragon scales (worn)
Jewellery
 l - a +4 ring of protection (left hand)
 m - a ring of willpower
 p - a +4 ring of evasion (right hand)
 q - a ring of protection from fire
Scrolls
 g - 2 scrolls of identify {!d}
 j - a scroll of poison
 Q - a scroll of fog
 T - 2 scrolls of immolation {!d}
 X - a scroll of amnesia
 Z - 2 scrolls of enchant armour
Potions
 d - 4 potions of degeneration
 h - a potion of berserk rage {!q}
 L - 2 potions of resistance {!q!d}
 U - a potion of mutation {!d}


   Skills:
 * Level 9.6 Fighting
 - Level 16.0 Crossbows
 - Level 2.4 Dodging
 - Level 6.0 Stealth


You had 9 spell levels left.
You didn't know any spells.
Your spell library contained the following spells:

 Spells                   Type           Power      Damage    Failure   Level
 Magic Dart               Conj           0%         1d3       28%         1
 Call Imp                 Summ           0%         N/A       41%         2
 Scorch                   Fire           0%         2d5       41%         2
 Mephitic Cloud           Conj/Pois/Air  0%         N/A       65%         3
 Portal Projectile        Hex/Tloc       0%         N/A       65%         3
 Stone Arrow              Conj/Erth      0%         3d7       65%         3
 Tukima's Dance           Hex            0%         N/A       65%         3
 Animate Armour           Summ/Erth      0%         N/A       96%         4
 Flame Wave               Conj/Fire      0%         2d4       96%         4
 Blade Hands              Tmut           0%         N/A       100%        5
 Dispersal                Tloc           0%         N/A       100%        6
 Summon Cactus Giant      Summ           0%         N/A       100%        6
 Disjunction              Tloc           0%         N/A       100%        8
 Lehudib's Crystal Spear  Conj/Erth      0%         10d2      100%        8


Dungeon Overview and Level Annotations

Branches:
Dungeon (11/15) Zot: 24184  Temple (1/1) D:5 Zot: 5870
   Lair: D:8-11         Orc: D:9-12

Altars:
Ashenzari
Cheibriados
Dithmenos
Elyvilon
Fedhas
Gozag
Hepliaklqana
Kikubaaqudgha
Makhleb
Nemelex Xobeh
Qazlal
Ru
Sif Muna
Trog
Uskayaw
Vehumet
Wu Jian
Xom
Yredelemnul
Zin
The Shining One

Shops:
D:4 (

Annotations:
D:2 1 runed translucent door, Crazy Yiuf
D:5 exclusion: oklob plant
D:6 Dowan, Duvessa, Pikel
D:7 exclusion: statue
D:9 1 exclusion
D:10 2 transporters, Maggie


Innate Abilities, Weirdness & Mutations

Your life essence is reduced to manifest your ancestor. (-10% HP)
You are small and have problems with some larger weapons.
You are completely attuned to the shadows.


Message History

Grum bares his teeth.
The wolf closely misses you.
Okay, then.
Really quaff
N - a potion of curing {!q!d}?
You feel better. The wolf bites you but does no damage.
Grum hits you from afar with a +1 halberd!!
* * * LOW HITPOINT WARNING * * *
The wolf bites you but does no damage.
Really quaff
h - a potion of berserk rage {!q}?
Do you really want to go berserk while wielding your +3 arbalest?
Okay, then.
You see here a scroll of enchant weapon.
You are too injured to fight recklessly!
Shoot: n) +3 arbalest
Press: ? - help, Q - select action, (/) - cycle Shift-Dir - straight line, f/p - wolf
Aim: a wolf (almost dead, 60% to hit)
You shoot a bolt. The bolt barely misses Grum.
The bolt closely misses the wolf.
Shoot: n) +3 arbalest
Press: ? - help, Q - select action, (/) - cycle Shift-Dir - straight line, f/p - wolf
Aim: a wolf (almost dead, 60% to hit)
You shoot a bolt. The bolt hits Grum!!
Grum is severely wounded.
Grum drinks a potion.
Grum is healed!
Shoot: n) +3 arbalest
Press: ? - help, Q - select action, (/) - cycle Shift-Dir - straight line, f/p - wolf
Aim: a wolf (almost dead, 60% to hit)
You shoot a bolt. The bolt closely misses Grum.
The bolt misses the wolf.
Grum closely misses you.
Shoot: n) +3 arbalest
Press: ? - help, Q - select action, (/) - cycle Shift-Dir - straight line, f/p - wolf
Aim: a wolf (almost dead, 60% to hit)
You shoot a bolt. The bolt hits Grum!!
You kill Grum!
Shoot: n) +3 arbalest
Press: ? - help, Q - select action, (/) - cycle Shift-Dir - straight line, f/p - wolf
Aim: a wolf (almost dead, 60% to hit)
You shoot a bolt. The bolt barely misses the wolf.
The wolf bites you.
You die...

....#.......###
#....
+##'.......#
##'##
#..#.#######
#.#. ## #[.#.#
#.>. .†.#..#.#
##.#. _..†..'.#
#.... ...#..#)#
###.## ##
#..#h# #...#.
#..#@# #.#.+.
+##+.# ##...#.
### #..#.##
#...... #..#.#.
#######


You could see a wolf.

Vanquished Creatures
  2 two-headed ogres (D:9)
  A hornet (D:9)
  A wyvern (D:10)
  2 wraiths (D:9)
  A steam dragon (D:8)
  Grum (D:8)
  Edmund (D:6)
  An orc warrior (D:9)
  A black bear (D:6)
  2 ice beasts
  3 wolves (D:8)
  2 centaurs
  2 kobold brigands
  2 bullfrogs
  2 scorpions
  A necrophage (D:5)
  2 wights
  6 killer bees
  4 spriggan skeletons (D:9)
  5 howler monkeys
  A troll skeleton (D:9)
  A jelly (D:6)
  3 hounds
  A gnoll shaman (D:10)
  2 orc priests
  2 iguanas
  Jessica (D:2)
  5 orc wizards
  Terence (D:2)
  2 gnolls (D:10)
  4 adders
  A white imp (D:5)
  2 worms
  2 dart slugs
  25 orcs
  9 endoplasms
  3 giant cockroaches
  5 goblins
  5 hobgoblins
  20 kobolds
  3 quokkas
  4 ball pythons
  7 bats
  3 frilled lizards
  4 rats
158 creatures vanquished.

Vanquished Creatures (collateral kills)
  An ogre (D:5)
  A wight (D:7)
  A killer bee (D:9)
  A gnoll (D:10)
4 creatures vanquished.

Vanquished Creatures (others)
  2 killer bees (D:8)
  3 ancestors
  13 plants
18 creatures vanquished.

Grand Total: 180 creatures vanquished

Notes
Turn   | Place    | Note
-------+----------+-------------------------------------------
     0 | D:1      | buhhh the Kobold Hunter began the quest for the Orb.
     0 | D:1      | Reached XP level 1. HP: 12/12 MP: 1/1
    85 | D:1      | Reached XP level 2. HP: 16/17 MP: 2/2
   103 | D:1      | Reached skill level 6 in Crossbows
   375 | D:1      | Reached XP level 3. HP: 21/21 MP: 3/3
  1036 | D:2      | Noticed Jessica
  1041 | D:2      | Killed Jessica
  1042 | D:2      | Reached skill level 7 in Crossbows
  1042 | D:2      | Reached XP level 4. HP: 12/26 MP: 4/4
  1393 | D:2      | Noticed Terence
  1407 | D:2      | Killed Terence
  1583 | D:2      | Found a faded altar of an unknown god.
  1705 | D:2      | Found a runed translucent door.
  1708 | D:2      | Noticed Crazy Yiuf
  1963 | D:3      | Reached XP level 5. HP: 30/30 MP: 5/5
  2010 | D:3      | Reached skill level 8 in Crossbows
  3071 | D:4      | Reached skill level 9 in Crossbows
  3071 | D:4      | Reached XP level 6. HP: 22/35 MP: 6/6
  3521 | D:4      | Found a broken altar of Ashenzari.
  3647 | D:4      | Found a sacrificial altar of Ru.
  3653 | D:4      | Noticed an ogre
  3681 | D:5      | Entered Level 5 of the Dungeon
  3720 | D:5      | Noticed an ogre
  3744 | D:5      | Reached skill level 10 in Crossbows
  3842 | D:5      | You fall into a shaft and drop 2 floors!
  3874 | D:7      | Identified the +8 war axe "Oluxzami" {antimagic, Dex+3}
  4088 | D:5      | Reached XP level 7. HP: 36/40 MP: 7/7
  4302 | D:5      | Found a staircase to the Ecumenical Temple.
  4308 | Temple   | Entered the Ecumenical Temple
  4635 | D:4      | Found Unengohi's Weapon Shop.
  4826 | D:6      | Found a shadowy altar of Dithmenos.
  4963 | D:6      | Noticed Duvessa
  4965 | D:6      | Noticed Dowan
  5219 | D:4      | Reached skill level 11 in Crossbows
  5219 | D:4      | Reached XP level 8. HP: 45/48 MP: 8/8
  5422 | D:5      | Found a blossoming altar of Fedhas.
  5889 | D:5      | Noticed an oklob plant
  6182 | D:6      | Noticed Edmund
  6201 | D:6      | Killed Edmund
  6965 | D:7      | Reached skill level 12 in Crossbows
  6996 | D:7      | Found a radiant altar of Vehumet.
  7114 | D:7      | Reached XP level 9. HP: 55/55 MP: 9/9
  7345 | D:6      | Noticed Pikel
  7614 | D:7      | Found a hazy altar of Hepliaklqana.
  7674 | D:7      | Became a worshipper of Hepliaklqana the Forgotten
  8817 | D:9      | Noticed a two-headed ogre
  8846 | D:9      | Noticed a two-headed ogre
  8932 | D:10     | Entered Level 10 of the Dungeon
  9163 | D:10     | Noticed Maggie
  9187 | D:11     | Noticed a gargoyle
  9632 | D:8      | Reached skill level 13 in Crossbows
  9712 | D:8      | Reached * piety under Hepliaklqana
 10143 | D:10     | Noticed a two-headed ogre
 10152 | D:10     | Found a transporter.
 10154 | D:10     | Noticed a troll
 10219 | D:10     | Noticed a two-headed ogre
 10233 | D:10     | Found a transporter.
 10316 | D:10     | Noticed a troll
 10318 | D:10     | Noticed a two-headed ogre
 10322 | D:11     | Noticed a cyclops
 10391 | D:9      | Reached skill level 14 in Crossbows
 10661 | D:9      | Reached XP level 10. HP: 56/56 MP: 10/10
 10863 | D:9      | Reached skill level 15 in Crossbows
 11342 | D:9      | Killed a two-headed ogre
 11343 | D:9      | Reached skill level 16 in Crossbows
 11775 | D:9      | Killed a two-headed ogre
 11955 | D:8      | Found a basalt altar of Yredelemnul.
 11958 | D:8      | Noticed Grum
 11972 | D:8      | HP: 2/59 [Grum/+1 halberd (24)]
 11977 | D:8      | Killed Grum
 11978 | D:8      | Slain by a wolf

Illustrated notes

Levels and vault maps discovered:
D:1:      dpeg_arrival_ternary, layout_loops_ring
D:2:      layout_basic, shapermc_ecumenical_altar_mp_highgroup, serial_forest,
          infiniplex_forest_straight_4, infiniplex_forest_lined_2,
          infiniplex_forest_clump_long, infiniplex_forest_clump_large,
          infiniplex_forest_fountain, infiniplex_forest_clump_tiny,
          infiniplex_forest_straight_3, infiniplex_forest_lined_ring,
          uniq_jessica, uniq_terence, uniq_crazy_yiuf_cottage
D:3:      layout_loops_ring
D:4:      layout_basic, nicolae_ru_awakened_eye, mainiacjoe_overflow_paths,
          serial_shops, nicolae_shop_trees
D:5:      layout_cave_pools, tgw_fedhas, minmay_temple_entry_butterflies,
          kennysheep_crisscross
D:6:      layout_gridville, old_standard_altar, uniq_pikel, uniq_duvessa,
          uniq_edmund
D:7:      layout_basic, mainiacjoe_overflow_alcove_1, vehumet_statue
D:8:      layout_basic, mainiacjoe_overflow_24_doors, minmay_misc_feat_doors,
          uniq_grum
D:9:      layout_grid_maze, hangedman_tell_no_tales
D:10:     layout_rooms, general_overflow_altar, dpeg_oklobed_lair, erik_orc_1,
          nzn_ghost_randoct, lemuel_flame_loot_1, uniq_maggie
D:11:     layout_rooms, portal_ice_cave_rime, nicolae_trove_entry_path_of_doom,
          special_room [special_room_bee], uniq_nergalle, uniq_urug
Temple:   jpeg_temple_clearing

Skill      XL: |  1  2  3  4  5  6  7  8  9 10 |
---------------+-------------------------------+-----
Crossbows      | 6 7 9 10 11 12 14 16 | 16.0
Fighting       | 4 6 7 9 |  9.6
Stealth        | 4 6 |  6.0
Dodging        | |  2.4

Action                   |  1- 3 |  4- 6 |  7- 9 | 10-12 || total
-------------------------+-------+-------+-------+-------++-------
Melee: Hand crossbow     |       |       |     3 |       ||     3
 Fire: Hand crossbow     |    49 |   113 |   263 |       ||   425
       Arbalest          |       |    54 |    47 |    73 ||   174
Throw: Dart              |       |       |     4 |       ||     4
Invok: Recall Ancestor   |       |       |     2 |       ||     2
  Use: Scroll            |     2 |     4 |     8 |     4 ||    18
       Potion            |       |     6 |     5 |     2 ||    13
Armor: Leather armour    |     1 |    24 |    62 |     4 ||    91
       Steam dragon scal |       |       |       |     3 ||     3
Dodge: Dodged            |     9 |    76 |   249 |    39 ||   373

Table legend: (Time is in decaauts)
 A = Elapsed time spent in this place.
 B = Non-inter-level travel time spent in this place.
 C = Inter-level travel time spent in this place.
 D = Time resting spent in this place.
 E = Time spent auto-exploring this place.
 F = Levels seen in this place.
 G = Mean time per level.
                   A        B        C        D        E       F      G
               +--------+--------+--------+--------+--------+-----+--------+
         Total |  12089 |  11110 |    979 |   2270 |   6588 |  12 | 1007.4 |
       Dungeon |  11959 |  10997 |    962 |   2270 |   6490 |  11 | 1087.2 |
        Temple |    129 |    112 |     17 |      0 |     98 |   1 |  129.0 |
               +--------+--------+--------+--------+--------+-----+--------+

Top non-repeatable levels by time:
     D:9: 2302 daAuts
     D:7: 2021 daAuts
     D:5: 1675 daAuts
     D:2: 1138 daAuts
     D:3: 1124 daAuts
     D:4: 1042 daAuts
     D:1: 780 daAuts
     D:6: 753 daAuts
    D:10: 652 daAuts
     D:8: 462 daAuts
  Temple: 129 daAuts
    D:11: 5 daAuts
